Description

Variation of the 13gas/12pool nydus cheese. 14 gas/14 pool and drone till 16 to support an economy to also keep on building queens.

Helps against Protoss builds that open up with fast air.

Replay - ZvP on Triton.

Build Order

Get SALT Encoding   

  12  0:01  Drone  
  13  0:08  Drone  
  13  0:12  Extractor  
  13  0:16  Drone  
  14  0:33  Spawning Pool  
  13  0:37  Drone  
  14  0:43  Extractor  
  14  0:45  Drone  
  15  0:54  Overlord  
  15  1:13  Drone  
  16  1:20  Zergling x2  
  16  1:21  Queen  
  19  1:27  Metabolic Boost  
  19  1:43  Zergling x4  
  21  1:56  Overlord  
  21  1:59  Lair  
  21  2:07  Zergling x2  
  22  2:14  Zergling x4  
  24  2:31  Zergling x8  
  28  2:41  Overlord  
  28  2:57  Queen  
  30  3:02  Zergling x2, Nydus Network  
  30  3:07  Zergling x4  
  32  3:13  Zergling x4  
  34  3:25  Zergling x2  
  35  3:34  Overlord  
  35  3:35  Zergling x2  
  36  3:42  Nydus Canal  
  36  3:50  Zergling x4  
Spawning Tool Build Advisor. Get it on Overwolf

Go to:

Details

  • Created by: rederoin
  • Published on: Nov 26, 2019
  • Modified on: Nov 26, 2019
  • Patch: 4.11.0
Show
View Real Time Build Order
Export as new Build Order

Comments (0)

There are no comments. Be the first!

Create an account to comment!